 Dungeon Crawl Stone Soup version 0.32-a0-132-g2d33c3cfaf (webtiles) character file.

Game seed: 16471894928733435299

84 pokeman the Magician (level 4, -8/25 HPs)
             Began as a Deep Elf Hedge Wizard on Feb 9, 2024.
             Mangled by Crazy Yiuf
             ... wielding a +3 quarterstaff of chaos
              (16 damage)
             ... on level 2 of the Dungeon.
             The game lasted 00:02:29 (2201 turns).

pokeman the Magician (Deep Elf Hedge Wizard)        Turns: 2201, Time: 00:02:29

Health: -8/25      AC:  2    Str:  7    XL:     4   Next: 23%
Magic:  7/13       EV: 12    Int: 21    God:
Gold:   59         SH:  0    Dex: 14    Spells: 6/14 levels left

rFire   + . .        a - +0 dagger
rCold   + . .        (no shield)
rNeg    . . .        b - +0 robe
rPois   +            c - +0 hat
rElec   +            (no cloak)
rCorr   +            (no gloves)
SInv    .            (no boots)
Will    .....        (no amulet)
Stlth   ++           f - ring of flight
HPRegen 0.24/turn    (no ring)
MPRegen 0.13/turn

%: no passive effects
@: resistant, flying, very slightly contaminated
A: no striking features
a: no special abilities


You were on level 2 of the Dungeon.
You visited 1 branch of the dungeon, and saw 2 of its levels.

You collected 59 gold pieces.

Inventory:

Hand Weapons
 a - a +0 dagger (weapon)
Armour
 b - a +0 robe (worn)
 c - a +0 hat (worn)
Jewellery
 f - a ring of flight (left hand)
Scrolls
 g - 3 scrolls of enchant armour {unknown}
Potions
 d - a potion of magic
 e - a potion of might {unknown}
 h - a potion of lignification {unknown}


   Skills:
 + Level 1.1 Fighting
 + Level 1.2 Armour
 - Level 2.4 Dodging
 - Level 2.4 Stealth
 * Level 5.6 Spellcasting
 + Level 2.1 Conjurations
 - Level 1.1 Summonings
 - Level 1.1 Translocations


You had 6 spell levels left.
You knew the following spells:

 Your Spells              Type           Power      Damage    Failure   Level
a - Magic Dart            Conj           60%        1d6       4%          1
b - Mephitic Cloud        Conj/Alch/Air  8%         N/A       22%         3
c - Call Imp              Summ           20%        N/A       10%         2
d - Blink                 Tloc           20%        N/A       10%         2

Your spell library contained the following spells:

 Spells                   Type           Power      Damage    Failure   Level
 Slow                     Hex            20%        N/A       11%         1
 Cigotuvi's Dreadful Rot  Necr/Alch/Air  10%        N/A       16%         2
 Gell's Gravitas          Tloc           10%        N/A       19%         3
 Teleport Other           Tloc           10%        N/A       19%         3
 Dispersal                Tloc           5%         N/A       100%        6


Dungeon Overview and Level Annotations

Branches:
Dungeon (2/15)

Altars:
Gozag

Annotations:
D:2 Crazy Yiuf


Message History

Found a stone staircase leading up.
Found two hammers.
Found a hammer.
Found a runed translucent door.
Crazy Yiuf shouts!
You reach down and open the door.
Casting: Magic Dart (safe; 4% risk of failure)
Confirm with . or Enter, or press ? or * to list all spells.
Aiming: Mephitic Cloud (extremely dangerous; 22% risk of failure)
Press: ? - help, Shift-Dir - straight line, f - Crazy Yiuf
Aim: Crazy Yiuf, wielding a +3 quarterstaff of chaos and wearing a +1 cloak of preservation (chance to affect: 86%)
You miscast Mephitic Cloud.
You are very lightly contaminated with residual magic.
Nothing appears to happen.
Crazy Yiuf hits you with a +3 quarterstaff of chaos!
Crazy Yiuf burns you.
Casting: Mephitic Cloud (extremely dangerous; 22% risk of failure)
Confirm with . or Enter, or press ? or * to list all spells.
Aiming: Mephitic Cloud (extremely dangerous; 22% risk of failure)
Press: ? - help, Shift-Dir - straight line, f/p - Crazy Yiuf
Aim: Crazy Yiuf, wielding a +3 quarterstaff of chaos and wearing a +1 cloak of preservation (chance to affect: 86%)
The ball explodes into a vile cloud!
The stinking cloud engulfs Crazy Yiuf.
The stinking cloud engulfs you.
You are engulfed in noxious fumes.
You choke on the stench!
You are confused.
Crazy Yiuf is engulfed in noxious fumes.
Crazy Yiuf appears confused.
Crazy Yiuf hits you with a +3 quarterstaff of chaos!
* * * LOW HITPOINT WARNING * * *
You feel protected.
Unknown command.
You bump into the rock wall.
You feel less confused.
Crazy Yiuf is engulfed in noxious fumes.
Crazy Yiuf appears confused.
Crazy Yiuf is engulfed in noxious fumes.
Crazy Yiuf appears confused.
There is an open translucent door here.
Crazy Yiuf hits you with a +3 quarterstaff of chaos!
Ouch! That really hurt!
You die...

#......<.##.######
#.####.####.# # #.
#.# # ## ... # ...
# ##### .... ##
#)..# ..... #.
#..g# #> #○@.# #.
##§## #. #○##
########. ##.#
......... #.##
#.##.##.. ##.#
#.##.##.##.. ##.##
#...........
##)..#
#.##.##.##.#
#....#
#.##.##.##.#


You could see Crazy Yiuf (confused).

Vanquished Creatures
  Terence (D:2)
  2 adders (D:2)
  A dart slug (D:1)
  7 ball pythons
  3 endoplasms
  6 hobgoblins
  2 bats (D:1)
  A frilled lizard (D:1)
  6 goblins
  4 kobolds
  4 rats
37 creatures vanquished.

Vanquished Creatures (collateral kills)
  An endoplasm (D:2)
1 creature vanquished.

Grand Total: 38 creatures vanquished

Notes
Turn   | Place    | Note
-------+----------+-------------------------------------------
     0 | D:1      | pokeman the Deep Elf Hedge Wizard began the quest for the
                  | Orb.
     0 | D:1      | Reached XP level 1. HP: 10/10 MP: 7/7
   390 | D:1      | Found a faded altar of an unknown god.
   396 | D:1      | Reached XP level 2. HP: 16/16 MP: 5/9
   922 | D:1      | Reached skill level 5 in Spellcasting
  1460 | D:2      | Reached XP level 3. HP: 13/20 MP: 5/11
  1464 | D:2      | Learned a level 3 spell: Mephitic Cloud
  1467 | D:2      | Learned a level 2 spell: Call Imp
  1470 | D:2      | Learned a level 2 spell: Blink
  1757 | D:2      | Reached skill level 1 in Fighting
  1757 | D:2      | Reached skill level 1 in Armour
  1805 | D:2      | Noticed Terence
  1823 | D:2      | Killed Terence
  1824 | D:2      | Reached XP level 4. HP: 13/25 MP: 2/13
  1957 | D:2      | Found an opulent altar of Gozag.
  2192 | D:2      | Found a runed translucent door.
  2193 | D:2      | Noticed Crazy Yiuf
  2201 | D:2      | Mangled by Crazy Yiuf

Illustrated notes

Levels and vault maps discovered:
D:1:      dpeg_arrival_arbitrary_c, layout_loops_corners,
          basic_ecumenical_altar, nicolae_figureground_sparkle
D:2:      layout_loops_cross, basic_altar, uniq_terence, uniq_crazy_yiuf_cottage

Skill      XL: |  1  2  3 |
---------------+----------+-----
Spellcasting   | 5 |  5.6
Fighting       | 1 |  1.1
Armour         | 1 |  1.2
Conjurations   | 2 |  2.1
Dodging        | |  2.4
Stealth        | |  2.4
Summonings     | |  1.1
Translocations | |  1.1

Action                     |  1- 3 |  4- 6 || total
---------------------------+-------+-------++-------
  Melee: Dagger            |     9 |       ||     9
   Cast: Magic Dart        |    76 |    17 ||    93
         Mephitic Cloud    |     1 |     1 ||     2
         Call Imp          |     1 |       ||     1
   Stab: Confused          |     2 |       ||     2
 Armour: Robe              |     6 |     3 ||     9
  Dodge: Dodged            |    10 |     3 ||    13

Table legend: (Time is in decaauts)
 A = Elapsed time spent in this place.
 B = Non-inter-level travel time spent in this place.
 C = Inter-level travel time spent in this place.
 D = Time resting spent in this place.
 E = Time spent auto-exploring this place.
 F = Levels seen in this place.
 G = Mean time per level.
                   A        B        C        D        E       F      G
               +--------+--------+--------+--------+--------+-----+--------+
         Total |   2200 |   2157 |     43 |      0 |   1948 |   2 | 1100.0 |
       Dungeon |   2200 |   2157 |     43 |      0 |   1948 |   2 | 1100.0 |
               +--------+--------+--------+--------+--------+-----+--------+

Top non-repeatable levels by time:
     D:1: 1379 daAuts
     D:2: 820 daAuts
